 Dungeon Crawl Stone Soup version 0.30-a0-368-g86fb4627a9 (webtiles) character file.

Game seed: 18431670185939636167

816 qeuew the Shooter (level 7, -8/43 HPs)
             Began as a Tengu Hunter on Nov 18, 2022.
             Was an Initiate of Ashenzari.
             Mangled by an ogre
             ... wielding a +0 giant spiked club
              (24 damage)
             ... on level 5 of the Dungeon.
             The game lasted 00:06:04 (3753 turns).

qeuew the Shooter (Tengu Hunter)                    Turns: 3753, Time: 00:06:04

Health: -8/43      AC: 12    Str: 12    XL:     7   Next: 94%
Magic:  8/8        EV: 14    Int:  9    God:    Ashenzari [......]
Gold:   290        SH:  0    Dex: 15    Spells: 6/6 levels left

rFire   + . .      SeeInvis .    a - +0 shortbow
rCold   . . .      Faith    .    (shield currently unavailable)
rNeg    . . .      Spirit   .    h - +3 ring mail {rF+}
rPois   .          Reflect  .    (helmet restricted)
rElec   .          Harm     .    (no cloak)
rCorr   .          Rampage  .    (no gloves)
Will    .....                    (boots unavailable)
Stlth   +.........               (no amulet)
HPRegen 0.27/turn                i - +4 ring of protection
MPRegen 0.11/turn                (no ring)

@: flying quickly and evasively, studying Long Blades, quick
A: beak, talons 3, nimble flight, clumsy 2, high MP 1
a: Renounce Religion, Curse Item


You were on level 5 of the Dungeon.
You worshipped Ashenzari.
Ashenzari was noncommittal.
You visited 2 branches of the dungeon, and saw 6 of its levels.

You collected 290 gold pieces.

Inventory:

Hand Weapons
 a - a +0 shortbow (weapon)
 b - a +0 war axe
Missiles
 e - a throwing net
Armour
 h - a +3 ring mail of fire resistance (worn)
Jewellery
 i - a +4 ring of protection (left hand)
Wands
 f - a wand of light (6)
 j - a wand of iceblast (6)
Scrolls
 d - a scroll of identify
 g - a scroll of amnesia
 k - a scroll of summoning
 l - a scroll of teleportation
Potions
 c - a potion of curing
 m - a potion of brilliance
 n - a potion of invisibility {unknown}


   Skills:
 + Level 4.1 Fighting
 + Level 2.5 Axes
 * Level 7.2 Ranged Weapons
 + Level 3.6 Armour
 + Level 4.5 Dodging
 - Level 1.0 Stealth


You had 6 spell levels left.
You didn't know any spells.
Your spell library contained the following spells:

 Spells                   Type           Power      Damage    Failure   Level
 Blink                    Tloc           0%         N/A       78%         2
 Momentum Strike          Conj/Tloc      0%         3d8       78%         2
 Sublimation of Blood     Necr           0%         N/A       78%         2
 Wereblood                Tmut           0%         N/A       78%         2
 Dazzling Flash           Conj/Hex       0%         N/A       95%         3
 Lesser Beckoning         Tloc           0%         N/A       95%         3
 Iskenderun's Mystic Bla  Conj/Tloc      0%         2d3       100%        4
 Summon Forest            Summ/Tloc      0%         N/A       100%        5
 Eringya's Noxious Bog    Tmut/Pois      0%         N/A       100%        6
 Starburst                Conj/Fire      0%         6d3       100%        6
 Summon Hydra             Summ           0%         N/A       100%        7


Dungeon Overview and Level Annotations

Branches:
Dungeon (5/15)             Temple (1/1) D:4

Altars:
Ashenzari
Fedhas
Kikubaaqudgha
Nemelex Xobeh
Qazlal
Ru
Sif Muna
Vehumet
Wu Jian
Xom
Zin

Annotations:
D:2 1 runed translucent door, Crazy Yiuf
D:3 2 transporters, retardedninja's ghost, weakling MiFi


Innate Abilities, Weirdness & Mutations

You have a beak for a mouth.
You have claws for feet.
Your magical nature lets you fly swiftly and evasively.
You are very clumsy. (Dex -4)
You have an increased reservoir of magic. (+10% MP)


Message History

You kill the scorpion!
The ogre barely misses you.
You shoot an arrow. The arrow hits the ogre.
The ogre is lightly wounded.
You shoot an arrow. The arrow hits the ogre.
The ogre is moderately wounded.
The ogre hits you with a +0 giant spiked club!!
You are too injured to fight recklessly!
You are too injured to fight recklessly!
You are too injured to fight recklessly!
You are too injured to fight recklessly!
Fire: a) +0 shortbow
Press: ? - help, Q - select action, (/) - cycle Shift-Dir - straight line, f/p - ogre
Aim: an ogre, wielding a +0 giant spiked club (moderately wounded, 77% to hit)
You shoot an arrow. The arrow barely misses the ogre.
The arrow hits the orc priest.
The orc priest is lightly wounded.
The ogre closely misses you.
The orc priest begins to cast a cantrip, but forgets the words!
Fire: a) +0 shortbow
Press: ? - help, Q - select action, (/) - cycle Shift-Dir - straight line, f/p - ogre
Aim: an ogre, wielding a +0 giant spiked club (moderately wounded, 77% to hit)
You shoot an arrow. The arrow hits the ogre.
The ogre is heavily wounded.
The ogre barely misses you.
Fire: a) +0 shortbow
Press: ? - help, Q - select action, (/) - cycle Shift-Dir - straight line, f/p - ogre
Aim: an ogre, wielding a +0 giant spiked club (heavily wounded, 77% to hit)
You shoot an arrow. The arrow hits the ogre.
The ogre is heavily wounded.
The ogre misses you.
Fire: a) +0 shortbow
Press: ? - help, Q - select action, (/) - cycle Shift-Dir - straight line, f/p - ogre
Aim: an ogre, wielding a +0 giant spiked club (heavily wounded, 77% to hit)
You shoot an arrow. The arrow completely misses the ogre.
The arrow hits the orc priest.
The orc priest is lightly wounded.
The ogre hits you with a +0 giant spiked club!!
Ouch! That really hurt!
You die...

#..# #>.... #..# #...+
#..... ##.. #...# #.....
#.###### #...# #..##. .#
#...# #...# #.....
.....##...# ######.....
.....o#...####.......##.
....5SO...##......##.##.
#@..##.....##..#..
#...#......##..#..
#........####..#..
#####################.....
#......##.#.............#.
##..##.##...............#.
##.#.....#...............
#.......................
#........[..###..##.....


You could see an ogre, an orc priest, an adder and an ufetubus.

Vanquished Creatures
  A water moccasin (D:5)
  An orc warrior (D:4)
  A black bear (D:3)
  A necrophage (D:3)
  2 scorpions
  A howler monkey (D:4)
  An orc priest (D:3)
  A hound (D:4)
  An iguana (D:5)
  2 orc wizards (D:3)
  4 gnolls (D:2)
  5 adders
  An ufetubus (D:4)
  A dart slug (D:1)
  2 orcs (D:3)
  10 ball pythons
  6 bats
  7 endoplasms
  A giant cockroach (D:2)
  6 hobgoblins
  3 jackals (D:1)
  6 quokkas
  5 frilled lizards
  11 goblins
  7 kobolds
  8 rats
95 creatures vanquished.

Notes
Turn   | Place    | Note
-------+----------+-------------------------------------------
     0 | D:1      | qeuew the Tengu Hunter began the quest for the Orb.
     0 | D:1      | Reached XP level 1. HP: 12/12 MP: 2/2
    91 | D:1      | Reached XP level 2. HP: 17/17 MP: 3/3
   322 | D:1      | Reached skill level 1 in Armour
   392 | D:1      | Reached XP level 3. HP: 21/21 MP: 4/4
   982 | D:2      | Reached skill level 5 in Ranged Weapons
  1052 | D:2      | Reached XP level 4. HP: 26/27 MP: 5/5
  1512 | D:2      | Found a runed translucent door.
  1513 | D:2      | Noticed Crazy Yiuf
  1666 | D:2      | Gained mutation: You are clumsy. (Dex -2) [potion of
                  | mutation]
  1666 | D:2      | Gained mutation: You are very clumsy. (Dex -4) [potion of
                  | mutation]
  1666 | D:2      | Gained mutation: You have an increased reservoir of magic.
                  | (+10% MP) [potion of mutation]
  1776 | D:3      | Gained mutation: Your magical nature lets you fly swiftly
                  | and evasively. [Tengu growth]
  1776 | D:3      | Reached XP level 5. HP: 15/32 MP: 6/6
  1985 | D:3      | Found the +18 Lear's hauberk
  2042 | D:3      | Noticed a black bear
  2059 | D:3      | Killed a black bear
  2060 | D:3      | Reached skill level 6 in Ranged Weapons
  2060 | D:3      | Reached XP level 6. HP: 15/37 MP: 7/7
  2222 | D:3      | Reached skill level 1 in Axes
  2397 | D:3      | Found a transporter.
  2447 | D:3      | Found a sparkling altar of Nemelex Xobeh.
  2474 | D:3      | Found a transporter.
  2478 | D:3      | Noticed retardedninja's ghost (weakling MiFi)
  2679 | D:4      | Noticed an orc warrior
  2706 | D:4      | Killed an orc warrior
  2707 | D:4      | Reached XP level 7. HP: 33/41 MP: 8/8
  2766 | D:4      | Found a staircase to the Ecumenical Temple.
  2795 | Temple   | Entered the Ecumenical Temple
  2871 | Temple   | Became a worshipper of Ashenzari the Shackled
  3016 | D:4      | Found a shimmering blue altar of Sif Muna.
  3056 | D:4      | Found an ancient bone altar of Kikubaaqudgha.
  3104 | D:4      | Found a sacrificial altar of Ru.
  3398 | D:5      | Entered Level 5 of the Dungeon
  3429 | D:5      | Reached skill level 7 in Ranged Weapons
  3753 | D:5      | Mangled by an ogre

Illustrated notes

Levels and vault maps discovered:
D:1:      lemuel_arrival_lava_pool, layout_basic, serial_corexii_hall,
          corexii_hall_statues_deadend, corexii_hall_statues_l,
          corexii_hall_statues_x, chequers_hall_statues_y
D:2:      layout_basic, serial_corexii_hall, corexii_hall_statues_x,
          chequers_hall_statues_wall_a, chequers_hall_statues_corner_a,
          uniq_crazy_yiuf_cottage
D:3:      layout_loops_cross, mainiacjoe_overflow_alcove_4,
          gammafunk_ghost_mausoleum, minmay_misc_feat_doors,
          kennysheep_generic_room_9
D:4:      layout_loops_ring, mainiacjoe_overflow_cross_hatched,
          mainiacjoe_overflow_catch_the_wave, minmay_temple_entry_mini_moons,
          minmay_manual_mail
D:5:      minmay_opposing_rooms, layout_cave_pools, minmay_misc_feat_nine_boxes,
          minivault_27
Temple:   dpeg_chambers_temple

Skill      XL: |  1  2  3  4  5  6  7 |
---------------+----------------------+-----
Armour         | 1 2 3 |  3.6
Ranged Weapons | 5 6 7 |  7.2
Dodging        | 3 4 |  4.5
Fighting       | 3 4 |  4.1
Axes           | 1 2 |  2.5
Stealth        | |  1.0

Action                   |  1- 3 |  4- 6 |  7- 9 || total
-------------------------+-------+-------+-------++-------
Melee: War axe           |       |    23 |       ||    23
       Kick              |       |     7 |       ||     7
       Peck              |       |     4 |       ||     4
       Punch             |       |     1 |       ||     1
 Fire: Shortbow          |   106 |   150 |    70 ||   326
  Use: Potion            |     4 |     2 |     2 ||     8
       Scroll            |     3 |     8 |       ||    11
Armor: Leather armour    |     3 |       |       ||     3
       Ring mail         |     8 |    64 |    26 ||    98
Dodge: Dodged            |    29 |   105 |    45 ||   179

Table legend: (Time is in decaauts)
 A = Elapsed time spent in this place.
 B = Non-inter-level travel time spent in this place.
 C = Inter-level travel time spent in this place.
 D = Time resting spent in this place.
 E = Time spent auto-exploring this place.
 F = Levels seen in this place.
 G = Mean time per level.
                   A        B        C        D        E       F      G
               +--------+--------+--------+--------+--------+-----+--------+
         Total |   3726 |   3598 |    128 |      0 |   2888 |   6 |  621.0 |
       Dungeon |   3631 |   3541 |     90 |      0 |   2837 |   5 |  726.2 |
        Temple |     94 |     56 |     38 |      0 |     50 |   1 |   94.0 |
               +--------+--------+--------+--------+--------+-----+--------+

Top non-repeatable levels by time:
     D:1: 934 daAuts
     D:3: 918 daAuts
     D:2: 830 daAuts
     D:4: 613 daAuts
     D:5: 335 daAuts
  Temple: 94 daAuts
